 Dungeon Crawl Stone Soup version 0.25-a0-1133-g93ebf73 (webtiles) character file.

Game seed: 5580980198502396049, levelgen mode: deterministic

25 thirtiethelement the Skirmisher (level 2, -1/24 HPs)
             Began as a Demonspawn Abyssal Knight on May 22, 2020.
             Was a Follower of Lugonu.
             Slain by Sigmund
             ... wielding a +0 scythe
              (10 damage)
             ... on level 2 of the Dungeon.
             The game lasted 00:05:15 (717 turns).

thirtiethelement the Skirmisher (DsAK)               Turns: 717, Time: 00:05:15

Health: -1/24      AC:  6    Str: 18    XL:     2   Next: 82%
Magic:  3/3        EV: 11    Int: 13    God:    Lugonu [*.....]
Gold:   40         SH:  0    Dex: 12    Spells: 1/1 levels left

rFire    . . .     SeeInvis .   a - +1 falchion
rCold    . . .     Gourm    .   (no shield)
rNeg     . . .     Faith    .   l - +0 ring mail
rPois    .         Spirit   .   h - +0 helmet
rElec    .         Reflect  .   (no cloak)
rCorr    .         Harm     .   (no gloves)
MR       .....                  (no boots)
Stlth    ++........             (no amulet)
HPRegen  0.08/turn              g - ring of stealth
MPRegen  0.08/turn              i - +6 ring of strength

@: no status effects
A: claws 1
a: Depart the Abyss, Renounce Religion


You were on level 2 of the Dungeon.
You worshipped Lugonu.
Lugonu was aware of your devotion.
You were not hungry.

You visited 1 branch of the dungeon, and saw 2 of its levels.
You visited the Abyss 1 time.

You collected 40 gold pieces.

Inventory:

Hand Weapons
 a - a +1 falchion (weapon)
Missiles
 f - 8 datura-tipped darts (quivered)
Armour
 h - a +0 helmet (worn)
 l - a +0 ring mail (worn)
Jewellery
 g - a ring of stealth (left claw)
 i - a +6 ring of strength (right claw)
Scrolls
 b - a scroll of immolation {unknown}
 e - 6 scrolls of fog {unknown}
 j - 2 scrolls of teleportation {unknown}
 m - 4 scrolls of identify {unknown}
 n - 2 scrolls of remove curse {unknown}
 o - 2 scrolls of magic mapping {unknown}
Potions
 d - 2 potions of curing {unknown}
 k - a potion of mutation {unknown}
 p - a potion of stabbing {unknown}
Comestibles
 c - 4 rations


   Skills:
 + Level 3.4 Fighting
 + Level 2.2 Long Blades
 + Level 2.1 Armour
 + Level 1.1 Dodging
 + Level 2.5 Invocations


You had one spell level left.
You didn't know any spells.
Your spell library was empty.

Dungeon Overview and Level Annotations

Branches:
Dungeon (2/15)

Altars:

Annotations:
D:2 Sigmund


Innate Abilities, Weirdness & Mutations

You have sharp fingernails.


Message History

Sigmund the Dreaded comes into view.
He is wielding a +0 scythe.
Sigmund mumbles some strange words.
Sigmund flickers and vanishes!
Deactivating autopickup; reactivate with Ctrl-A.
You barely miss the kobold. The kobold misses you.
You closely miss the kobold.
The kobold hits you with a +0 short sword of protection.
You hit the kobold but do no damage. The kobold barely misses you.
You riposte.
You closely miss the kobold.
A magic dart appears from out of thin air!
The magic dart hits you.
You hit the kobold but do no damage. The kobold hits you but does no damage.
The kobold completely misses you.
You hit the kobold.
You kill the kobold!
Lugonu accepts your kill.
A magic dart appears from out of thin air!
The magic dart hits you. Something hits you!
You die...

########.# .........#
.........# .........####
..........(.#
..........?.#
.....{......#
.......@....#
.........####
########.###############
#................
#################


There were no monsters in sight!

Vanquished Creatures
  A dart slug (D:1)
  A leopard gecko (D:1)
  A giant cockroach (D:1)
  3 goblins (D:1)
  3 hobgoblins
  2 kobolds
  A ball python (D:1)
  3 bats (D:1)
  4 frilled lizards
  4 rats
23 creatures vanquished.

Notes
Turn   | Place    | Note
-------+----------+-------------------------------------------
     0 | Abyss:1  | thirtiethelement the Demonspawn Abyssal Knight began the
                  | quest for the Orb.
     0 | Abyss:1  | Reached XP level 1. HP: 18/18 MP: 2/2
    32 | Abyss:3  | Found a corrupted altar of Lugonu.
    78 | Abyss:5  | Entered Level 5 of the Abyss
    78 | Abyss:5  | Noticed a lightning spire
    78 | Abyss:5  | Noticed a lightning spire
    78 | Abyss:5  | Noticed a raiju
    78 | Abyss:5  | Noticed a blizzard demon
    78 | Abyss:5  | Noticed a lightning spire
    78 | Abyss:5  | Noticed a raiju
    78 | Abyss:5  | Noticed a smoke demon
    78 | Abyss:5  | Noticed a merfolk impaler
    78 | Abyss:5  | Noticed a smoke demon
    78 | Abyss:5  | Noticed a raiju
    78 | Abyss:5  | Noticed a lightning spire
    78 | Abyss:5  | Noticed a blizzard demon
    78 | Abyss:5  | Noticed a raiju
    78 | Abyss:5  | Noticed a lightning spire
    78 | Abyss:5  | Noticed a lightning spire
    79 | D:1      | Escaped the Abyss
   107 | D:1      | Reached skill level 1 in Dodging
   141 | D:1      | Reached * piety under Lugonu
   243 | D:1      | Gained mutation: You have sharp fingernails. [demonic
                  | ancestry]
   243 | D:1      | Reached XP level 2. HP: 21/24 MP: 3/3
   711 | D:2      | Noticed Sigmund
   717 | D:2      | Slain by Sigmund

Illustrated notes

Levels and vault maps discovered:
D:1:      minmay_arrival_checkered_box, layout_rooms
D:2:      layout_basic, first_ration, uniq_robin, uniq_sigmund

Skill      XL: |  1 |
---------------+----+-----
Dodging        | 1 |  1.1
Long Blades    | 2 |  2.2
Armour         | 2 |  2.1
Fighting       | |  3.4
Invocations    | |  2.5

Action                   || total
-------------------------++-------
Melee: Falchion          ||    65
Invok: Depart the Abyss  ||     1
 Stab: Sleeping          ||     1
Armor: Ring mail         ||    28
       Leather armour    ||     5
Dodge: Dodged            ||    44
       Rpst.: Falchion   ||    15

Table legend:
 A = Non-vault XP
 B = Vault XP
 C = Vault XP percentage of total XP
 D = Non-vault monster count
 E = Vault monster count
 F = Vault count percentage of total count
                 A         B        C        D         E       F
            +---------+---------+-------+---------+---------+-------
      Total |      36 |       0 |   0.0 |      23 |       0 |   0.0
            +---------+---------+-------+---------+---------+-------
        D:1 |      31 |       0 |   0.0 |      19 |       0 |   0.0
        D:2 |       5 |       0 |   0.0 |       4 |       0 |   0.0
            +---------+---------+-------+---------+---------+-------
